Map: Deathaura LE

Players

Massa

  • Race: Terran Terran
  • League: Platinum
  • Spawn Location: 5:00

Hagal - Winner!

  • Race: Zerg Zerg
  • League: Platinum
  • Spawn Location: 11:00

VOD

Have the link to the VOD?

Description

Time

  • Played on: Jan. 3, 2021, 8:45 a.m.
  • Length: 16:33
Show
View Real Time Build Order
Export as new Build Order

Massa Terran 

Build Orders: Reaper Expand 

Get SALT Encoding   

  12  0:00  SCV  
  13  0:13  SCV  
  14  0:17  Supply Depot  
  14  0:25  SCV  
  15  0:38  SCV  
  15  0:41  Barracks  
  16  0:51  Refinery, SCV  
  17  1:03  SCV  
  18  1:15  SCV  
  19  1:29  Orbital Command  
  19  1:40  Command Center  
  19  1:44  Reaper  
  20  1:54  SCV  
  21  2:06  SCV  
  22  2:11  Supply Depot  
  22  2:16  Marine  
  22  2:18  Factory  
  23  2:33  SCV, Supply Depot  
  24  2:45  SCV  
  25  3:03  Factory Tech Lab  
  25  3:06  Supply Depot  
  25  3:08  Barracks  
  25  3:09  Orbital Command  
  25  3:10  SCV  
  26  3:13  Barracks Tech Lab  
  26  3:18  Starport  
  26  3:19  Refinery  
  26  3:22  SCV  
  26  3:24  Widow Mine  
  29  3:34  SCV  
  29  3:38  SCV  
  29  3:40  Barracks  
  31  3:46  SCV  
  32  3:50  SCV  
  35  3:57  Refinery, Siege Tank  
  35  3:59  SCV  
  37  4:03  SCV  
  37  4:04  Refinery  
  38  4:11  SCV, Marine x2  
  38  4:14  Medivac  
  38  4:15  SCV  
  44  4:23  SCV  
  45  4:27  SCV  
  45  4:28  Engineering Bay  
  45  4:29  Marine x2  
  45  4:30  Marine  
  49  4:35  SCV  
  49  4:36  Widow Mine  
  52  4:43  Stimpack  
  52  4:44  Medivac  
  54  4:46  SCV, Marine  
  54  4:47  SCV, Marauder  
  59  4:58  SCV  
  59  4:59  SCV  
  60  5:03  Widow Mine  
  60  5:05  Barracks Reactor  
  62  5:07  Barracks Reactor  
  62  5:15  Supply Depot x2  
  62  5:19  Barracks  
  62  5:20  Starport Reactor  
  62  5:37  Marauder  
  62  5:38  Supply Depot  
  62  6:04  Marauder, Marine x4  
  65  6:22  Marine x2  
  65  6:25  Marauder  
  69  6:27  Marine x2  
  69  6:29  Barracks Tech Lab  
  71  6:33  SCV x2  
  71  6:38  Command Center  
  71  6:39  Marine  
  73  6:42  Combat Shield  
  73  6:45  SCV  
  73  6:46  SCV, Marauder  
  78  6:57  SCV, Siege Tank  
  78  6:58  SCV, Medivac  
  78  7:00  Marine  
  86  7:05  Terran Infantry Weapons Level 1  
  86  7:06  Supply Depot  
  86  7:08  Supply Depot  
  86  7:10  Supply Depot  
  86  7:28  Marauder x2, Marine, Medivac  
  93  7:34  SCV  
  93  7:35  SCV  
  93  7:37  Concussive Shells  
  95  7:47  SCV x2  
  95  7:49  Marauder x2  
  101  7:59  SCV x2  
  103  8:11  SCV  
  95  8:43  Marine  
  95  8:44  Marauder x2, Marine x3  
  103  8:48  Siege Tank  
  106  8:55  Missile Turret  
  106  8:57  Missile Turret  
  106  9:01  Marine  
  107  9:05  Marauder  
  107  9:06  Marauder  
  107  9:08  Missile Turret  
  111  9:10  Missile Turret  
  111  9:11  Missile Turret  
  111  9:14  Command Center  
  111  9:17  Missile Turret x2  
  111  9:21  Siege Tank  
  114  9:27  Marauder  
  110  9:46  Planetary Fortress  
  110  9:52  Refinery  
  104  9:54  Refinery  
  104  10:00  Marauder x2  
  104  10:01  Marine  
  104  10:02  Marine x3  
  112  10:18  Medivac x2  
  112  10:19  Marine  
  112  10:20  Sensor Tower, Marine  
  112  10:21  Marine x2  
  119  10:22  Marauder x2  
  119  10:25  Siege Tank  
  127  10:31  Supply Depot  
  127  10:32  Supply Depot  
  127  10:33  Supply Depot  
  127  10:34  Supply Depot  
  127  10:35  Factory  
  127  10:37  Marine x2  
  129  10:43  Marauder x2  
  129  10:49  Sensor Tower  
  133  10:54  Missile Turret  
  133  10:55  Engineering Bay  
  133  10:56  Supply Depot  
  133  10:57  Supply Depot x2  
  133  11:01  Armory, Siege Tank  
  136  11:04  Marauder  
  136  11:05  Marauder  
  140  11:16  Marine x4, Missile Turret  
  144  11:26  Marauder x2  
  148  11:33  Siege Tank  
  148  11:34  Marine x4  
  148  11:37  Missile Turret  
  101  11:46  Factory Reactor  
  91  11:47  Marauder x2  
  91  11:51  Marine  
  91  11:52  Marine  
  81  12:09  Marauder x2  
  79  12:18  Liberator x2  
  79  12:22  SCV  
  77  12:30  Marauder x2  
  77  12:34  SCV  
  77  12:36  Marine x2  
  86  12:37  Command Center  
  79  12:46  SCV  
  77  12:51  Marauder x2  
  77  12:54  Marine x2  
  77  12:58  SCV  
  82  13:01  Liberator x2  
  88  13:10  SCV  
  88  13:12  Marine  
  92  13:13  Marauder  
  56  13:34  Barracks x2  
  49  13:36  Barracks  
  46  13:44  Widow Mine x2  
  35  14:05  Widow Mine x2  
  35  14:06  Marauder x2, Marine  
  39  14:10  Liberator  
  42  14:26  Widow Mine  
  42  14:27  Marauder  
  42  14:28  Marauder  
  45  14:38  Orbital Command  
  43  14:49  Marauder x2  
  45  14:58  SCV  
  46  15:09  Marine  
  46  15:11  Planetary Fortress  
  41  15:39  Liberator x2  
  44  15:44  Widow Mine x2  
  44  15:47  SCV  
  44  15:48  SCV  
  48  15:59  SCV  
  48  16:00  SCV  
  50  16:05  Widow Mine  
  53  16:11  SCV  
  53  16:12  SCV  
Show
View Real Time Build Order
Export as new Build Order

Hagal Zerg - Winner!

Build Orders: Hatch First, Lurkers 

Get SALT Encoding   

  12  0:00  Drone  
  13  0:13  Overlord  
  13  0:17  Drone  
  14  0:33  Drone x2  
  16  0:48  Hatchery  
  15  0:52  Drone  
  15  0:56  Drone  
  17  0:59  Drone  
  18  1:10  Extractor  
  17  1:14  Spawning Pool  
  17  1:18  Drone  
  17  1:21  Drone  
  18  1:28  Drone  
  19  1:39  Drone  
  20  1:50  Overlord  
  20  2:01  Queen x2  
  20  2:02  Zergling x2  
  20  2:05  Drone  
  26  2:15  Metabolic Boost  
  26  2:30  Drone x2  
  26  2:36  Hatchery, Drone  
  26  2:37  Drone  
  29  2:44  Overlord  
  28  3:02  Drone  
  28  3:03  Drone x4  
  33  3:11  Drone  
  34  3:17  Drone x2  
  34  3:19  Queen  
  36  3:25  Drone  
  39  3:29  Drone  
  39  3:33  Overlord  
  40  3:36  Drone x2  
  42  3:42  Drone x2  
  44  3:49  Roach Warren, Queen  
  44  3:52  Drone x3  
  44  3:55  Queen  
  48  4:01  Drone x3  
  53  4:09  Zergling x2  
  54  4:10  Zergling x6  
  57  4:22  Zergling x2  
  57  4:23  Overlord  
  57  4:24  Overlord  
  58  4:41  Overlord x2  
  58  4:43  Drone x8  
  66  4:48  Lair  
  66  5:04  Extractor x2  
  66  5:05  Extractor  
  66  5:06  Extractor  
  62  5:11  Overlord x3  
  62  5:15  Extractor  
  62  5:17  Spore Crawler  
  62  5:20  Drone  
  62  5:21  Drone x2  
  63  5:31  Baneling Nest  
  63  5:33  Evolution Chamber x2  
  56  5:52  Zergling x30  
  69  5:59  Zerg Melee Weapons Level 1  
  69  6:00  Zerg Missile Weapons Level 1  
  61  6:29  Spore Crawler  
  61  6:30  Spore Crawler  
  61  6:31  Spine Crawler  
  61  6:32  Spine Crawler  
  57  6:38  Spore Crawler  
  56  6:44  Drone x8, Spine Crawler  
  56  6:45  Drone x7  
  70  6:57  Centrifical Hooks  
  70  7:23  Extractor, Infestation Pit  
  70  7:24  Hatchery  
  70  7:25  Drone x5  
  70  7:26  Hydralisk Den  
  70  7:27  Extractor  
  70  7:30  Hatchery  
  70  7:31  Drone x6  
  75  7:41  Zergling x2  
  75  7:42  Zergling x18  
  85  7:47  Baneling  
  85  7:48  Baneling x4  
  85  7:56  Spore Crawler x2  
  83  8:16  Zergling x28  
  83  8:17  Zergling x2  
  84  8:43  Drone x3  
  84  8:44  Drone x4, Queen  
  84  8:46  Grooved Spines  
  95  8:50  Lurker Den  
  95  8:51  Hive  
  92  8:59  Zerg Melee Weapons Level 2, Zerg Missile Weapons Level 2  
  92  9:07  Zergling x6  
  92  9:08  Hatchery  
  94  9:10  Overlord x5  
  94  9:11  Overlord x4  
  92  9:26  Hatchery  
  89  9:58  Muscular Augments  
  89  10:02  Spine Crawler  
  89  10:03  Seismic Spines  
  89  10:06  Hydralisk x13  
  114  10:16  Pneumatized Carapace  
  114  10:22  Hatchery  
  113  10:38  Drone x4  
  113  10:40  Extractor x2  
  115  10:48  Lurker x6  
  115  10:49  Lurker x3  
  124  10:52  Overseer  
  124  10:55  Overseer  
  124  11:01  Adaptive Talons  
  124  11:09  Drone x13  
  124  11:10  Drone x6  
  143  11:24  Hatchery  
  142  11:27  Hatchery  
  132  11:58  Hydralisk x16  
  132  11:59  Hydralisk  
  154  12:04  Overseer  
  144  12:19  Zergling x18  
  144  12:20  Zergling x18  
  144  12:22  Overlord  
  154  12:40  Extractor  
  123  13:36  Adrenal Glands  
  123  13:39  Hydralisk x14  
  123  13:40  Hydralisk x16  
  183  13:41  Zergling x2  
  183  13:46  Overlord x3  
  171  14:17  Queen  
  171  14:19  Queen  
  175  14:24  Hydralisk  
  175  14:25  Hydralisk x2  
  175  14:26  Queen  
  181  14:32  Lurker  
  181  14:33  Lurker x8  
  181  14:35  Baneling  
  181  14:36  Baneling  
  186  14:54  Queen, Overseer  
  186  14:55  Overseer x2  
  182  15:19  Drone x3  
  183  15:30  Queen  
  183  15:35  Unknown  
  178  15:38  Hatchery, Unknown  
  178  15:40  Unknown  
  175  15:43  Unknown  
Tags
 
Add a new tag
Caveats
  • Supply blocks, unpowered buildings, or Contaminate may cause inaccurate times.
  • Supply counts are checked every 10 seconds.